 Dungeon Crawl Stone Soup version 0.22-a0-512-g0943f25562 (webtiles) character file.

1295556 M4edhros the Bringer of Law (level 27, -17/209 (212) HPs)
             Began as an Octopode Artificer on June 14, 2018.
             Was the Champion of Zin.
             Demolished by a death scarab (24 damage)
             ... while paralysed by the power of Zot
             ... on level 3 of the Tomb of the Ancients on June 18, 2018.
             The game lasted 05:25:56 (104763 turns).

M4edhros the Bringer of Law (Octopode Artificer)  Turns: 104763, Time: 05:25:57

HP:   -17/209 (212) AC: 11    Str: 37    XL:     27
MP:   46/46         EV:  2    Int: 19    God:    Zin [******]
Gold: 8364          SH:  0    Dex: 28    Spells: 10/64 levels left

rFire    + + .     SeeInvis +   C - +9 eveningstar (elec)
rCold    + . .     Gourm    .   s - +7 large shield "Plog" {Int+4 Dex+9}
rNeg     + + +     Faith    .   N - +2 hat of True Grit {Regen+}
rPois    +         Spirit   .   l - amulet of Neumey {Reflect rF+ SH+6}
rElec    +         Reflect  +   S - ring "Limma" {MR- Str+3 Dex+4 SInv}
rCorr    .         Harm     .   H - ring "Irhonai" {MR++ EV+5}
MR       ++++.                  L - ring "Keiv Zumn" {rElec rC+}
Stlth    ++++++++..             d - ring "Hayniv" {rN+ Str+5}
HPRegen  0.84/turn              b - ring of Robustness {AC+8}
MPRegen  0.30/turn              y - ring "Ygehuym" {MR+ Str+9 Dex-5 Stlth+}
                                P - ring of the First Beggars {rC+ rN++ Dex+2 Stlth+}
                                c - ring of Charity {Fire rPois Str+7 Dex-4 Slay+5}

@: paralysed, slowed, deflect missiles
A: almost no armour, stealthy swim, amphibious, 8 rings, constrict 8, camouflage
1, gelatinous body 1
}: 14/15 runes: decaying, serpentine, slimy, silver, iron, obsidian, icy, bone,
abyssal, demonic, glowing, magical, fiery, dark
a: Recite, Vitalisation, Imprison, Sanctuary, Donate Gold, Renounce Religion


You were on level 3 of the Tomb of the Ancients.
You worshipped Zin.
Zin was exalted by your worship.
You were not hungry.

You visited 18 branches of the dungeon, and saw 89 of its levels.
You visited Pandemonium 1 time, and saw 15 of its levels.
You visited the Abyss 3 times.
You also visited: Labyrinth, Trove, Bailey and Ice Cave.

You collected 13995 gold pieces.
You spent 4534 gold pieces at shops.
You donated 1097 gold pieces to Zin.

Inventory:

Hand Weapons
 C - a +9 eveningstar of electrocution (weapon)
Armour
 s - the +7 large shield "Plog" (worn) {Int+4 Dex+9}
   (You found it on level 2 of the Depths)

   It affects your intelligence (+4).
   It affects your dexterity (+9).
 N - the +2 hat of True Grit (worn) {Regen+}
   (You acquired it on level 4 of the Swamp)

   It increases your rate of regeneration.
Jewellery
 b - the ring of Robustness (on tentacle) {AC+8}
   (You found it on level 7 of Tartarus)

   [ring of protection]

   It affects your AC (+8).
 c - the ring of Charity (on tentacle) {Fire rPois Str+7 Dex-4 Slay+5}
   (You found it in a treasure trove)

   [ring of fire]

   It enhances your fire magic.
   It affects your strength (+7).
   It affects your dexterity (-4).
   It affects your accuracy and damage with ranged weapons and melee attacks
   (+5).
   It protects you from fire.
   It makes you vulnerable to cold.
   It protects you from poison.
 d - the ring "Hayniv" (on tentacle) {rN+ Str+5}
   (You found it on level 15 of the Dungeon)

   [ring of positive energy]

   It affects your strength (+5).
   It protects you from negative energy.
 l - the amulet of Neumey (around mantle) {Reflect rF+ SH+6}
   (You found it in a treasure trove)

   [amulet of reflection]

   It shields you and reflects attacks.
   It protects you from fire.
   It affects your SH (+6).
 r - the ring "Fugi" {rC+ MR+}
   (You took it off a tengu reaver on level 5 of the Vaults)

   [ring of protection from magic]

   It protects you from cold.
   It affects your resistance to hostile enchantments.
 y - the ring "Ygehuym" (on tentacle) {MR+ Str+9 Dex-5 Stlth+}
   (You found it in a treasure trove)

   [ring of protection from magic]

   It affects your strength (+9).
   It affects your dexterity (-5).
   It affects your resistance to hostile enchantments.
   It makes you more stealthy.
 H - the ring "Irhonai" (right tentacle) {MR++ EV+5}
   (You bought it in a shop on level 15 of the Dungeon)

   [ring of evasion]

   It affects your evasion (+5).
   It affects your resistance to hostile enchantments.
 L - the ring "Keiv Zumn" (on tentacle) {rElec rC+}
   (You found it on level 15 of the Dungeon)

   [ring of protection from cold]

   It protects you from cold.
   It insulates you from electricity.
 O - an uncursed amulet of regeneration {unknown}
 P - the ring of the First Beggars (on tentacle) {rC+ rN++ Dex+2 Stlth+}
   (You found it in Pandemonium)

   [ring of stealth]

   It affects your dexterity (+2).
   It protects you from cold.
   It greatly protects you from negative energy.
   It makes you more stealthy.
 S - the ring "Limma" (left tentacle) {MR- Str+3 Dex+4 SInv}
   (You found it in a treasure trove)

   [ring of see invisible]

   It affects your strength (+3).
   It affects your dexterity (+4).
   It affects your resistance to hostile enchantments.
   It lets you see invisible.
Wands
 x - a wand of enslavement (14)
 E - a wand of paralysis (30)
 J - a wand of disintegration (14)
 M - a wand of scattershot (9)
 T - a wand of digging (48)
 X - a wand of flame (19)
 Z - a wand of iceblast (40)
Scrolls
 g - 8 scrolls of magic mapping
 h - 11 scrolls of teleportation
 i - 12 scrolls of identify
 j - 10 scrolls of fear
 m - 9 scrolls of blinking
 o - a scroll of summoning
 w - 4 scrolls of remove curse
 B - 2 scrolls of enchant weapon
 D - 3 scrolls of silence
 G - 2 scrolls of enchant armour
 K - 10 scrolls of fog
Potions
 e - 3 potions of invisibility
 k - 9 potions of ambrosia
 n - 12 potions of brilliance
 q - 3 potions of berserk rage
 t - 8 potions of cancellation
 u - 5 potions of flight
 v - 3 potions of haste
 z - 11 potions of curing
 A - 4 potions of might
 F - 4 potions of agility
 V - 5 potions of resistance
 Y - 5 potions of heal wounds
Miscellaneous
 a - a lightning rod (4/4)
 p - 5 phantom mirrors
 I - a lamp of fire
 R - a fan of gales
 W - a phial of floods
Comestibles
 f - 68 rations


   Skills:
 * Level 23.6 Fighting
   Level 1.0 Short Blades
 + Level 20.0 Maces & Flails
 - Level 9.0 Throwing
 + Level 20.8 Dodging
 - Level 10.8 Stealth
 - Level 21.0 Shields
 * Level 19.3 Spellcasting
 - Level 3.8 Conjurations
 - Level 10.1 Charms
 * Level 20.9 Summonings
 - Level 3.7 Translocations
 * Level 20.8 Air Magic
 - Level 13.5 Poison Magic
 O Level 27 Invocations
 - Level 19.4 Evocations


You had 10 spell levels left.
You knew the following spells:

 Your Spells              Type           Power        Failure   Level  Hunger
a - Mephitic Cloud        Conj/Pois/Air  ######..     1%          3    None
b - Conjure Flame         Conj/Fire      #####...     6%          3    None
c - Blink                 Tloc           N/A          1%          2    None
d - Song of Slaying       Chrm           ######..     1%          2    None
e - Olgreb's Toxic Radia  Pois           ######..     1%          4    None
f - Ignite Poison         Fire/Tmut/Pois ######..     2%          3    None
g - Monstrous Menagerie   Summ           #######...   1%          7    ######.
h - Deflect Missiles      Chrm/Air       ######....   1%          6    ####...
i - Tornado               Air            #######...   67%         9    #######
j - Summon Lightning Spi  Summ/Air       #######.     0%          4    None
k - Summon Forest         Summ/Tloc      ######....   1%          5    ##.....
l - Aura of Abjuration    Summ           #######...   1%          5    ##.....
m - Apportation           Tloc           ####..       1%          1    None

Your spell library contained the following spells:

 Spells                   Type           Power        Failure   Level  Hunger
 Cause Fear               Hex            ###.......   43%         4    None
 Magic Dart               Conj           ####         1%          1    None
 Fireball                 Conj/Fire      #####.....   52%         5    ##.....
 Bolt of Fire             Conj/Fire      #####.....   97%         6    ####...
 Bolt of Cold             Conj/Ice       ####......   97%         6    ####...
 Lightning Bolt           Conj/Air       ######....   1%          5    ##.....
 Bolt of Magma            Conj/Fire/Erth ####......   61%         5    ##.....
 Slow                     Hex            ###.....     7%          2    None
 Confuse                  Hex            ###.....     14%         3    None
 Invisibility             Hex            ###.....     100%        6    ####...
 Throw Flame              Conj/Fire      #####.       3%          2    None
 Controlled Blink         Tloc           N/A          100%        8    #######
 Freezing Cloud           Conj/Ice/Air   #####.....   26%         6    ####...
 Ring of Flames           Chrm/Fire      ######....   99%         7    ######.
 Venom Bolt               Conj/Pois      ######....   3%          5    ##.....
 Teleport Other           Tloc           ####....     3%          3    None
 Summon Small Mammal      Summ           ####         0%          1    None
 Iskenderun's Mystic Bla  Conj           ####....     10%         4    None
 Summon Horrible Things   Summ           #######...   6%          8    #######
 Pain                     Necr           ###.         4%          1    None
 Animate Skeleton         Necr           N/A          4%          1    None
 Ozocubu's Refrigeration  Ice            ###.......   100%        6    ####...
 Sticky Flame             Conj/Fire      #####...     22%         4    None
 Summon Ice Beast         Ice/Summ       ######..     1%          4    None
 Call Imp                 Summ           #######.     0%          2    None
 Regeneration             Chrm/Necr      #####.....   1%          3    None
 Sting                    Conj/Pois      ####         1%          1    None
 Sublimation of Blood     Necr           ###.......   7%          2    None
 Tukima's Dance           Hex            ###.....     14%         3    None
 Summon Demon             Summ           #######...   1%          5    ##.....
 Summon Greater Demon     Summ           #######...   1%          7    ######.
 Iron Shot                Conj/Erth      ####......   97%         6    ####...
 Shock                    Conj/Air       ####         1%          1    None
 Swiftness                Chrm/Air       ######..     0%          2    None
 Recall                   Summ/Tloc      N/A          1%          3    None
 Agony                    Necr           ###.....     78%         5    ##.....
 Statue Form              Tmut/Erth      ###......    100%        6    ####...
 Ice Form                 Ice/Tmut       ###.....     43%         4    None
 Dragon Form              Tmut           ###.......   100%        7    ######.
 Airstrike                Air            #######...   0%          4    None
 Shadow Creatures         Summ           N/A          1%          6    ####...
 Confusing Touch          Hex            ###...       4%          1    None
 Flame Tongue             Conj/Fire      #####        2%          1    None
 Passwall                 Tmut/Erth      ###.....     7%          2    None
 Call Canine Familiar     Summ           #######.     0%          3    None
 Ensorcelled Hibernation  Hex/Ice        ###...       7%          2    None
 Metabolic Englaciation   Hex/Ice        ###.......   78%         5    ##.....
 Summon Butterflies       Summ           #######.     0%          1    None
 Silence                  Hex/Air        ######....   1%          5    ##.....
 Shatter                  Erth           ###.......   100%        9    #######
 Dispersal                Tloc           ####......   85%         6    ####...
 Static Discharge         Conj/Air       ######..     1%          3    None
 Corona                   Hex            ###....      4%          1    None
 Alistair's Intoxication  Tmut/Pois      #####...     9%          5    ##.....
 Lee's Rapid Deconstruct  Erth           ###.......   78%         5    ##.....
 Sandblast                Erth           ###...       4%          1    None
 Simulacrum               Ice/Necr       ###.......   100%        6    ####...
 Conjure Ball Lightning   Conj/Air       ######....   4%          6    ####...
 Portal Projectile        Hex/Tloc       ####..       7%          3    None
 Petrify                  Tmut/Erth      ###.....     43%         4    None
 Passage of Golubria      Tloc           N/A          11%         4    None
 Malign Gateway           Summ/Tloc      ######....   26%         7    ######.
 Leda's Liquefaction      Hex/Erth       ###.......   43%         4    None
 Summon Hydra             Summ           #######...   1%          7    ######.
 Darkness                 Hex            ###.......   100%        6    ####...
 Shroud of Golubria       Chrm/Tloc      #####.....   1%          2    None
 Inner Flame              Hex/Fire       ####....     14%         3    None
 Disjunction              Tloc           ####......   100%        8    #######
 Fulminant Prism          Conj/Hex       ####......   22%         4    None
 Dazzling Spray           Conj/Hex       ####..       6%          3    None
 Force Lance              Conj/Tloc      ####....     10%         4    None
 Infusion                 Chrm           ####         1%          1    None
 Spectral Weapon          Hex/Chrm       #####...     1%          3    None
 Searing Ray              Conj           ####..       1%          2    None
 Discord                  Hex            ###.......   100%        8    #######
 Dragon's Call            Summ           #######...   65%         9    #######
 Summon Mana Viper        Hex/Summ       ######..     1%          5    ##.....
 Hydra Form               Tmut           ###.......   100%        6    ####...
 Irradiate                Conj/Tmut      ####......   52%         5    ##.....
 Gell's Gravitas          Tloc           ####......   3%          3    None
 Yara's Violent Unravell  Hex/Tmut       ###.......   78%         5    ##.....
 Lesser Beckoning         Tloc           ####......   3%          3    None
 Poisonous Vapours        Pois/Air       ######       0%          2    None
 Ignition                 Fire           ####......   100%        8    #######
 Borgnjor's Vile Clutch   Necr/Erth      ###.......   78%         5    ##.....


Dungeon Overview and Level Annotations

Branches:
Dungeon (15/15)            Temple (1/1) D:5            Lair (6/6) D:9
  Swamp (4/4) Lair:3        Snake (4/4) Lair:2        Slime (5/5) Lair:6
    Orc (2/2) D:12            Elf (3/3) Orc:2        Vaults (5/5) D:13
  Crypt (3/3) Vaults:2       Tomb (3/3) Crypt:3      Depths (5/5) D:15
   Hell (1/1)                 Dis (7/7) Hell            Geh (7/7) Hell
    Coc (7/7) Hell            Tar (7/7) Hell            Zot (4/5) Depths:5

Altars:
Ashenzari
Cheibriados
Dithmenos
Elyvilon
Fedhas
Gozag
Hepliaklqana
Kikubaaqudgha
Makhleb
Nemelex Xobeh
Okawaru
Qazlal
Ru
Sif Muna
Trog
Uskayaw
Vehumet
Xom
Yredelemnul
Zin
The Shining One
Beogh
Jiyva

Shops:
D:7 !   D:9 *   D:12 [   D:15 ([*   Orc:2 (**}   Elf:1 %   Snake:1 (=
Snake:2 %%(***?(   Vaults:2 [   Depths:4 :

Portals:
Hell: Depths:1 Depths:2 Depths:3 Depths:4 Depths:5
Abyss: Depths:3 Depths:4
Pandemonium: Depths:3
Ziggurat: Depths:4

Annotations:
D:3 neozumm's ghost, amateur MiFi
D:6 M4edhros's ghost, amateur OpAr
D:7 levstk's ghost, novice SpFi
Lair:3 exclusion: 3 oklob plants
Depths:4 4 exclusions


Innate Abilities, Weirdness & Mutations

You cannot wear most types of armour.
You are very stealthy in the water. (Stealth+)
You are amphibious.
You can wear up to eight rings at the same time.
You can use your tentacles to constrict eight enemies at once.
Your skin changes colour to match your surroundings (Stealth+).
Your rubbery body absorbs attacks. (AC +1, EV +1)


Message History

The death scarab bites you! The death scarab bites you!!
The death scarab bites you but does no damage.
The death scarab avoids a huge, swinging blade.
The death scarab barely misses you. The death scarab bites you!!
The death scarab drains your vigour!
You feel as though you will be slow longer.
The death scarab bites you. x2; The death scarab bites you!
* * * LOW HITPOINT WARNING * * *
The death scarab bites you!!
* * * LOW HITPOINT WARNING * * *
The death scarab drains your vigour!
You feel as though you will be slow longer.
The death scarab bites you!
* * * LOW HITPOINT WARNING * * *
The death scarab bites you!
* * * LOW HITPOINT WARNING * * *
The death scarab drains your vigour!
You feel as though you will be slow longer.
The death scarab bites you!!
You die...

.... ..... .... ##'###
###....##...........
##$$M....##..........
#$$....^..##.........
##$$?s.....<##........
#$$$.@s^^^.).##.......
#$$$$s........##......
#$$$/$........##......
#[?$$$......^..#..)...
#[$$$..........#......
##$$$....?..^..'......
##$$$...$.....#8.....
##$$...$.}...#......
##$...$$...##...[..


You could see a greater mummy and 3 death scarabs.

Vanquished Creatures
  Cerebov (Pan)
  Antaeus (Coc:7)
  Asmodeus (Geh:7)
  the Royal Jelly (Slime:5)
  Ereshkigal (Tar:7)
  the Serpent of Hell (Geh:7)
  Gloorx Vloq (Pan)
  Mnoleg (Pan)
  Khufu (Crypt:1)
  Mara (Vaults:4)
  Dispater (Dis:7)
  3 orbs of fire (Zot:3)
  8 ancient liches
  A juggernaut (Depths:1)
  17 greater mummies
  Frederick (Crypt:2)
  Saint Roka (Crypt:3)
  17 shard shrikes
  A Killer Klown (Zot:3)
  Xtahua (Depths:3)
  The ghost of Faustar the Earth Mage, a veteran GrEE of Sif Muna (Depths:3)
  4 caustic shrikes
  Geryon (Hell)
  A curse toe (Crypt:3)
  The ghost of levstk the Hoplite, a veteran GrFi of Okawaru (Depths:3)
  7 golden dragons
  the Enchantress (Depths:4)
  8 bone dragons
  Nikola (Swamp:4)
  2 electric golems
  10 Tzitzimimeh
  Rupert (Orc:2)
  5 doom hounds
  7 iron giants
  12 Brimstone Fiends
  Jorgrun (Elf:2)
  19 liches
  A hellephant (Abyss:3)
  The ghost of WhatIsLove the Impregnable, an adept HOFi of Beogh (Swamp:4)
  A pandemonium lord (Pan)
  33 tentacled monstrosities
  12 Ice Fiends
  A titan (Vaults:4)
  7 Hell Sentinels
  A deep elf master archer (Elf:3)
  8 quicksilver dragons
  4 deep elf blademasters
  7 tentacled starspawn
  19 acid blobs
  The ghost of temitten the Severer, an adept HOFi of Beogh (Slime:5)
  5 death cobs
  21 Executioners
  28 ancient champions
  7 tengu reavers
  Donald (Vaults:4)
  The ghost of dleb1993 the Warrior, an adept MiFi of the Shining One (Elf:3)
  A thorn hunter (Swamp:3)
  9 sphinxes
  2 revenants
  14 storm dragons
  A draconian monk (Zot:2)
  15 azure jellies
  27 shadow dragons
  Kirke (D:12)
  A daeva (Abyss:3)
  Roxanne (Snake:4)
  13 nagarajas (Snake:4)
  A draconian knight (Zot:2)
  18 frost giants
  13 vault wardens
  5 iron dragons
  2 ghost moths (Zot:3)
  22 fire giants
  A draconian scorcher (Zot:2)
  2 orc warlords
  19 cacodemons
  5 deep elf sorcerers
  5 curse skulls
  2 draconian stormcallers
  Aizul (Snake:1)
  6 ghouls
  32 balrugs
  2 draconian shifters
  7 deep elf elementalists
  10 spriggan defenders
  17 ironheart preservers
  A blood saint (Pan)
  7 elemental wellsprings
  Snorg (D:10)
  7 draconian annihilators
  7 war gargoyles
  A stone giant (shapeshifter) (Vaults:4)
  51 reapers
  44 very ugly things
  33 stone giants
  Nessos (Orc:2)
  An entropy weaver (Vaults:5)
  10 bennus
  A corrupter (Pan)
  6 black draconians
  4 vampire knights
  8 lorocyprocas
  7 green draconians
  Azrael (Elf:2)
  3 deep elf demonologists
  A minotaur (Lab)
  5 purple draconians
  7 spark wasps
  5 yellow draconians
  4 red draconians
  12 deep elf annihilators
  12 deep elf death magi
  21 blizzard demons
  7 white draconians
  10 ettins
  A merfolk impaler (Abyss:5)
  6 death oozes (Slime:5)
  16 mummy priests
  6 green deaths
  10 fire dragons
  An eidolon (Crypt:1)
  15 jiangshi
  20 yaktaur captains
  25 great orbs of eyes
  3 monstrous demonspawn (Pan)
  10 deep elf high priests
  2 kraken zombies
  11 hydras
  15 rakshasas
  36 ice dragons
  32 vault guards
  6 ghost crabs
  6 spriggan air magi
  6 quicksilver dragon skeletons
  8 anacondas
  13 centaur warriors
  23 naga warriors
  4 catoblepae
  6 death knights
  32 dancing weapons
  A queen ant (shapeshifter) (Vaults:1)
  A two-headed ogre (shapeshifter) (Depths:4)
  An anaconda (shapeshifter) (Vaults:4)
  4 tengu warriors
  9 deep troll earth magi
  51 two-headed ogres
  17 ogre magi
  12 deep troll shamans
  16 alligators
  22 hell hogs
  An iron golem (Dis:2)
  9 thrashing horrors
  10 titan zombies
  34 death scarabs
  5 orc high priests
  6 shock serpents
  11 vampire magi
  22 naga sharpshooters
  2 spriggan berserkers
  8 titan skeletons
  Sonja (Lair:4)
  19 deep elf knights
  4 storm dragon zombies
  42 hell knights
  38 sun demons
  98 skeletal warriors
  6 wretched stars
  28 soul eaters
  23 shadow wraiths
  6 iron trolls
  20 sixfirhies
  4 spriggan druids
  An unseen horror (shapeshifter) (Vaults:4)
  7 salamander mystics
  12 anaconda zombies
  4 storm dragon skeletons
  3 gelid demonspawn (Pan)
  11 wizards
  A death drake (Swamp:4)
  5 spatial maelstroms
  28 deep trolls
  3 swamp dragons
  2 ghost moth zombies
  9 glowing orange brains
  2 infernal demonspawn (Pan)
  6 golden dragon zombies
  20 starcursed masses
  10 flayed ghosts
  12 naga ritualists
  3 spectral hydras (Swamp:4)
  2 torturous demonspawn (Pan)
  3 shambling mangroves
  7 shadow dragon zombies
  A golden dragon skeleton (Geh:1)
  12 deep elf archers
  A lindwurm (Lair:6)
  14 ironbrand convokers
  24 shadow demons
  3 death drakes (shapeshifter)
  7 iron dragon zombies
  5 unseen horrors
  17 orc knights
  8 phantasmal warriors
  22 necromancers
  7 shadow dragon skeletons
  A wolf spider (Vaults:3)
  12 mana vipers
  4 anaconda skeletons
  6 fire giant zombies
  2 human zombies
  5 harpies (Vaults:1)
  A harpy (shapeshifter) (Vaults:4)
  5 stone giant zombies
  6 orc sorcerers
  7 frost giant zombies
  A mana viper (shapeshifter) (Depths:2)
  10 wolf spider zombies
  3 manticores
  5 shining eyes
  6 fire giant skeletons
  11 salamanders
  45 ugly things
  9 cyclopes
  76 deep elf magi
  4 iron dragon skeletons
  A shock serpent zombie (Geh:6)
  A worldbinder (Abyss:4)
  An eye of devastation (Abyss:2)
  12 guardian serpents
  20 moths of wrath
  A black mamba (shapeshifter) (Vaults:2)
  4 dire elephant zombies
  8 frost giant skeletons
  5 ice statues
  A centaur zombie (D:15)
  4 elephants
  4 stone giant skeletons
  An apocalypse crab (Abyss:3)
  20 rust devils
  12 vault sentinels
  21 smoke demons
  8 torpor snails
  50 black mambas
  7 molten gargoyles
  A spiny frog (shapeshifter) (Depths:3)
  23 naga magi
  A gargoyle (D:15)
  23 spiny frogs
  6 dire elephant skeletons
  3 yaktaur zombies
  25 orange demons
  20 hellions
  A minotaur zombie (Crypt:2)
  3 kobold demonologists
  4 rime drakes
  12 demonic crawlers (Pan)
  7 efreet
  A komodo dragon (shapeshifter) (Vaults:3)
  A rime drake (shapeshifter) (D:15)
  5 spectral swamp worms (Depths:1)
  58 yaktaurs
  4 emperor scorpion zombies
  32 freezing wraiths
  A yaktaur skeleton (Vaults:1)
  43 ice devils
  5 swamp worm zombies (Swamp:4)
  37 tormentors
  A golden dragon simulacrum (IceCv)
  4 ancient zymes
  4 komodo dragons
  15 hellwings
  4 tengu conjurers
  A white draconian skeleton (Coc:5)
  3 catoblepas skeletons
  4 harpy zombies
  3 jumping spiders (shapeshifter)
  40 guardian mummies
  2 silent spectres
  19 hydra zombies
  4 anaconda simulacra
  27 red devils
  10 tyrant leeches
  A wolf spider simulacrum (IceCv)
  A polar bear (shapeshifter) (Vaults:3)
  28 hornets
  12 trolls
  5 harpy skeletons
  A wind drake (shapeshifter) (Vaults:2)
  A hornet (shapeshifter) (D:14)
  5 hydra skeletons
  67 slime creatures
  17 raiju
  3 spectral swamp dragons (Swamp:4)
  A hippogriff (shapeshifter) (Vaults:1)
  13 blink frogs
  19 bog bodies
  11 polar bears
  A raiju (shapeshifter) (Vaults:3)
  2 spectral guardian serpents (Crypt:3)
  4 ettin zombies
  A fire giant simulacrum (Vaults:1)
  A stone giant simulacrum (Vaults:3)
  16 alligator zombies
  8 hippogriffs
  17 dream sheep
  A snapping turtle (shapeshifter) (Depths:3)
  3 ice dragon zombies
  3 fire dragon zombies
  A dream sheep (shapeshifter) (Vaults:5)
  A black mamba zombie (Geh:6)
  11 water elementals
  5 fire dragon skeletons
  11 ynoxinuls (Pan)
  6 ushabtiu
  90 flying skulls
  A vampire (D:14)
  8 spriggans
  9 ettin skeletons
  30 shadows
  5 basilisks
  3 fire bats (Lair:2)
  20 wraiths
  4 wyverns
  6 centaur simulacra
  2 redbacks (Vaults:5)
  21 yaks
  An alligator skeleton (Coc:7)
  A wyvern (shapeshifter) (Vaults:2)
  28 fire elementals
  3 black mamba skeletons
  4 air elementals
  4 dire elephant simulacra (IceCv)
  5 ice dragon skeletons
  A redback (shapeshifter) (Depths:4)
  A human (shapeshifter) (Depths:3)
  6 hungry ghosts
  16 golden eyes
  A yaktaur simulacrum (Vaults:2)
  A hog (D:12)
  12 vampire mosquitoes
  2 human simulacra
  24 neqoxecs
  16 chaos spawn
  13 spatial vortices
  86 nagas
  2 iron troll simulacra (IceCv)
  17 swamp worms
  11 wargs
  A soldier ant (D:11)
  10 insubstantial wisps (Swamp:4)
  7 acid dragons
  A harpy simulacrum (IceCv)
  48 large abominations
  5 hydra simulacra (IceCv)
  A torturous demonspawn skeleton (Crypt:3)
  9 water moccasins
  9 porcupines
  8 floating eyes
  10 small abominations
  6 swamp dragon zombies
  67 hell hounds
  11 ice beasts
  A floating eye (shapeshifter) (Vaults:5)
  8 swamp drakes
  55 orc warriors
  18 spiny frog zombies
  3 sky beasts
  12 black bears
  A water nymph skeleton (Crypt:3)
  4 spiny frog skeletons
  2 alligator simulacra (IceCv)
  10 phantoms
  2 ettin simulacra
  An ice dragon simulacrum (Coc:7)
  5 eyes of draining
  14 boggarts
  2 manticore zombies
  17 necrophages
  A snapping turtle zombie (Dis:7)
  2 manticore skeletons
  55 ogres
  15 wolves
  A torpor snail zombie (Crypt:3)
  15 centaurs
  A hog zombie (Crypt:2)
  An elephant skeleton (Crypt:2)
  3 snapping turtle skeletons
  16 crocodiles
  8 big kobolds
  A crocodile (shapeshifter) (Vaults:4)
  15 bullfrogs
  4 elf zombies
  2 cyclops zombies
  A deep troll simulacrum (Vaults:4)
  A gnoll sergeant (D:9)
  An elf skeleton (Crypt:1)
  A hippogriff skeleton (Crypt:2)
  A salamander skeleton (Crypt:3)
  A spiny frog simulacrum (Hell)
  A glowing shapeshifter simulacrum (Vaults:4)
  3 human skeletons
  A wyvern zombie (D:14)
  An earth elemental (Elf:1)
  2 wyvern skeletons
  2 scorpions
  3 killer bees (D:10)
  An elf simulacrum (Vaults:4)
  4 howler monkeys
  48 wights
  2 electric eels (Lair:2)
  3 lava snakes (D:14)
  25 crimson imps
  2 draconian simulacra (IceCv)
  9 hounds
  12 iron imps
  4 jellies
  44 orc priests
  A bullfrog skeleton (D:9)
  7 centaur skeletons
  2 iguanas (D:8)
  Ijyb (D:3)
  7 worker ants
  33 orc wizards
  A spectral swamp drake (Swamp:4)
  6 lightning spires (Abyss:5)
  A porcupine skeleton (Crypt:2)
  5 troll simulacra (IceCv)
  A polar bear simulacrum (IceCv)
  2 wolf simulacra (IceCv)
  A felid skeleton (Crypt:1)
  A naga zombie (Geh:6)
  An ogre zombie (Geh:7)
  A demigod skeleton (Crypt:3)
  A tengu skeleton (Pan)
  2 ogre skeletons
  2 naga skeletons
  2 hound skeletons
  56 mummies
  A howler monkey skeleton (D:9)
  A worker ant zombie (D:10)
  13 gnolls
  2 naga simulacra (IceCv)
  A swamp drake zombie (Swamp:4)
  13 adders
  7 ogre simulacra (IceCv)
  7 shadow imps
  A swamp drake skeleton (Crypt:1)
  19 white imps
  3 ufetubi (IceCv)
  An ooze (shapeshifter) (Depths:5)
  6 oozes
  2 adder zombies (D:8)
  A worm (D:2)
  4 dart slugs
  4 leopard geckos
  121 orcs
  2 ball pythons
  7 giant cockroaches
  19 goblins
  12 hobgoblins
  6 jackals
  5 quokkas
  5 bats
  4 frilled lizards
  A frilled lizard zombie (Crypt:3)
  A hobgoblin skeleton (Crypt:1)
  A hobgoblin zombie (Crypt:3)
  38 kobolds
  A kobold skeleton (Tar:1)
  An orc skeleton (Crypt:2)
  3 orc zombies
  A quokka skeleton (D:8)
  4 rats
  3 crawling corpses (Depths:5)
  A lurking horror (Abyss:1)
  14 pillars of salt
  2 starspawn tentacles (Abyss:1)
  A tentacle (Coc:2)
4673 creatures vanquished.

Vanquished Creatures (collateral kills)
  2 greater mummies (Tomb:1)
  An acid blob (Slime:5)
  An Executioner (Pan)
  A frost giant (D:15)
  2 bennus (Tomb:3)
  A mummy priest (Tomb:2)
  A centaur warrior (D:14)
  6 death scarabs (Tomb:3)
  A fire crab (D:14)
  A skeletal warrior (Tomb:2)
  A wolf spider zombie (Coc:7)
  A fire giant zombie (Tomb:3)
  A manticore (D:14)
  A cyclops (D:11)
  A torpor snail (Lair:6)
  6 guardian mummies
  A troll (D:11)
  A tyrant leech (Lair:6)
  10 ushabtiu
  2 nagas (Lair:2)
  A porcupine (Lair:2)
  A water moccasin (Lair:2)
  An ice beast (D:7)
  A crocodile (Lair:6)
  3 mummies
  An ooze (D:7)
  6 pillars of salt
56 creatures vanquished.

Vanquished Creatures (others)
  A lich (Depths:4)
  A deep elf master archer (Elf:3)
  2 eldritch tentacles (Pan)
  A war gargoyle (Vaults:5)
  3 elemental wellsprings
  3 stone giants
  A blizzard demon (Coc:7)
  3 yaktaur captains
  An anaconda (Snake:1)
  A two-headed ogre (D:10)
  2 death scarabs
  A hell hog (Abyss:1)
  A flayed ghost (Geh:5)
  A deep troll (Depths:5)
  A deep elf archer (Elf:1)
  An anaconda skeleton (Geh:7)
  A salamander (Snake:2)
  2 deep elf magi
  A shining eye (Pan)
  A fire giant skeleton (Tomb:2)
  4 hellions (Geh:7)
  9 yaktaurs
  A polar bear (Lair:6)
  A harpy skeleton (Tomb:2)
  5 flying skulls
  2 golden eyes (Pan)
  A neqoxec (Pan)
  A vampire mosquito (Swamp:3)
  A chaos spawn (Abyss:2)
  A centaur (D:7)
  An insubstantial wisp (Swamp:4)
  A swamp drake (Swamp:3)
  2 ogres
  A bullfrog skeleton (D:12)
  A mummy (Tomb:2)
  A shadow imp (Tar:3)
  4 white imps (IceCv)
  3 ufetubi (IceCv)
  A ball lightning (Tomb:2)
  A fire vortex (Pan)
  17 fungi
  174 pillars of salt
  42 plants
  9 starspawn tentacles
  20 tentacles
333 creatures vanquished.

Grand Total: 5062 creatures vanquished

Notes
Turn   | Place    | Note
-------+----------+-------------------------------------------
     0 | D:1      | M4edhros the Octopode Artificer began the quest for the Orb.
     0 | D:1      | Reached XP level 1. HP: 13/13 MP: 3/3
   154 | D:1      | Reached XP level 2. HP: 15/18 MP: 4/4
   362 | D:3      | Found a shadowy altar of Dithmenos.
   546 | D:4      | Reached XP level 3. HP: 23/23 MP: 5/5
   991 | D:4      | Noticed an ogre
  1099 | D:4      | Killed an ogre
  1099 | D:4      | Reached XP level 4. HP: 29/29 MP: 5/7
  1099 | D:4      | Reached XP level 5. HP: 34/34 MP: 5/8
  1135 | D:4      | Noticed an ogre
  1383 | D:5      | Entered Level 5 of the Dungeon
  1398 | D:5      | Found a staircase to the Ecumenical Temple.
  1420 | Temple   | Entered the Ecumenical Temple
  1482 | Temple   | Became a worshipper of Zin the Law-Giver
  1656 | D:2      | Reached * piety under Zin
  1671 | D:2      | Donated 51 gold pieces to Zin
  1950 | D:1      | Reached ** piety under Zin
  2326 | D:2      | Reached skill level 1 in Invocations
  2849 | D:2      | Reached XP level 6. HP: 29/41 MP: 9/9
  3125 | D:3      | Noticed Ijyb
  3133 | D:3      | Killed Ijyb
  3133 | D:3      | Reached skill level 5 in Stealth
  3167 | D:3      | Noticed neozumm's ghost (amateur MiFi)
  3282 | D:3      | You fall through a shaft!
  3488 | D:3      | Reached skill level 2 in Invocations
  3833 | D:5      | Reached *** piety under Zin
  3917 | D:5      | Noticed an ice beast
  3926 | D:5      | Killed an ice beast
  3926 | D:5      | Reached skill level 3 in Invocations
  3926 | D:5      | Reached XP level 7. HP: 46/46 MP: 10/10
  4175 | D:5      | Got a steaming whip
  4176 | D:5      | Identified the +5 whip of Plunder {freeze, Str+3} (You found it on level 5 of the Dungeon)
  4194 | D:6      | Noticed a troll
  4416 | D:6      | Killed a troll
  4416 | D:6      | Reached skill level 1 in Maces & Flails
  4440 | D:6      | Found a burning altar of Makhleb.
  4472 | D:6      | Reached skill level 5 in Evocations
  4492 | D:6      | Noticed M4edhros's ghost (amateur OpAr)
  4783 | D:7      | Noticed levstk's ghost (novice SpFi)
  4814 | D:5      | Reached skill level 4 in Invocations
  4937 | D:6      | Reached XP level 8. HP: 30/52 MP: 11/11
  5157 | D:7      | Found Utotzuz's Distillery.
  5160 | D:7      | Bought a potion of heal wounds for 70 gold pieces
  5160 | D:7      | Bought a potion of berserk rage for 70 gold pieces
  5160 | D:7      | Bought 2 potions of curing for 84 gold pieces
  5231 | D:7      | Found a white marble altar of Elyvilon.
  5246 | D:7      | Reached skill level 5 in Invocations
  5341 | D:8      | Reached **** piety under Zin
  5344 | D:8      | Noticed a two-headed ogre
  5605 | D:7      | Reached XP level 9. HP: 58/58 MP: 13/13
  5713 | D:8      | Found a sacrificial altar of Ru.
  5898 | D:8      | Found a blossoming altar of Fedhas.
  5910 | D:8      | Reached skill level 6 in Invocations
  6013 | D:8      | Reached ***** piety under Zin
  6036 | D:8      | Reached skill level 5 in Dodging
  6083 | D:8      | Noticed a two-headed ogre
  6196 | D:8      | Found a shimmering altar of Xom.
  6292 | D:8      | Killed a two-headed ogre
  6292 | D:8      | Reached skill level 5 in Fighting
  6292 | D:8      | Reached skill level 5 in Maces & Flails
  6499 | D:8      | Killed a two-headed ogre
  6499 | D:8      | Reached skill level 7 in Invocations
  6499 | D:8      | Reached XP level 10. HP: 38/66 MP: 15/15
  6851 | D:9      | Found a staircase to the Lair.
  6920 | D:9      | Found Vais's General Store.
  6960 | D:9      | Found a shadowy altar of Dithmenos.
  7063 | D:9      | Found an opulent altar of Gozag.
  7129 | D:9      | Reached skill level 1 in Shields
  7154 | D:9      | Reached skill level 8 in Invocations
  7268 | D:10     | Entered Level 10 of the Dungeon
  7386 | D:10     | Noticed Snorg
  7390 | D:10     | Noticed a two-headed ogre
  7412 | D:10     | Killed Snorg
  7518 | D:10     | Found a blossoming altar of Fedhas.
  7652 | D:10     | Reached ****** piety under Zin
  8039 | D:11     | Noticed a brown ugly thing
  8047 | D:11     | Killed a brown ugly thing
  8047 | D:11     | Reached XP level 11. HP: 72/72 MP: 17/17
  8155 | D:11     | Noticed a manticore
  8158 | D:11     | Noticed a cyclops
  8179 | D:11     | Killed a cyclops
  8252 | D:11     | Noticed an eight-headed hydra
  8258 | D:11     | Killed an eight-headed hydra
  8674 | D:11     | Reached skill level 9 in Invocations
  9484 | D:11     | Killed a manticore
  9659 | D:11     | Noticed a brown ugly thing
  9669 | D:11     | Killed a brown ugly thing
  9746 | D:11     | Found a stormy altar of Qazlal.
  9863 | D:12     | Noticed a two-headed ogre
  9863 | D:12     | Noticed a cyclops
  9865 | D:12     | Noticed a centaur warrior
  9866 | D:12     | Noticed a death knight
 10053 | Lair:1   | Entered Level 1 of the Lair of Beasts
 10088 | Lair:1   | Noticed a five-headed hydra
 10102 | Lair:1   | Killed a five-headed hydra
 10630 | Lair:1   | Reached skill level 5 in Shields
 10896 | Lair:1   | Reached skill level 10 in Stealth
 10901 | Lair:1   | Reached XP level 12. HP: 64/80 MP: 19/19
 11536 | Lair:2   | Reached skill level 10 in Invocations
 12067 | Lair:2   | Found a staircase to the Snake Pit.
 12494 | Lair:3   | Noticed a catoblepas
 12503 | Lair:3   | Killed a catoblepas
 12639 | Lair:3   | Noticed an eight-headed hydra
 12646 | Lair:3   | Killed an eight-headed hydra
 12787 | Lair:3   | Found a staircase to the Swamp.
 13538 | Lair:4   | Noticed a catoblepas
 13684 | Lair:4   | Noticed Sonja
 13702 | Lair:4   | Killed Sonja
 13742 | Lair:4   | Reached XP level 13. HP: 56/86 MP: 21/21
 13847 | Lair:4   | Reached skill level 11 in Invocations
 13939 | Lair:4   | Upgraded the game from 0.22-a0-475-g101988f953 to 0.22-a0-480-g991dd4b2b4
 14688 | Lair:4   | Found a bloodstained altar of Trog.
 15424 | Lair:5   | Found a labyrinth entrance.
 15438 | Lab      | Entered a labyrinth
 15481 | Lab      | Found an exit through the horrors of the Abyss.
 15553 | Lab      | Noticed a minotaur
 15722 | Lab      | Killed a minotaur
 15769 | Lair:5   | Learned a level 3 spell: Mephitic Cloud
 15773 | Lair:5   | Learned a level 3 spell: Conjure Flame
 15776 | Lair:5   | Learned a level 2 spell: Blink
 16269 | Lair:5   | Reached skill level 12 in Invocations
 16742 | Lair:6   | Entered Level 6 of the Lair of Beasts
 16778 | Lair:6   | Found a staircase to the Slime Pits.
 16778 | Lair:6   | Found a viscous altar of Jiyva.
 16904 | Lair:6   | Reached skill level 1 in Poison Magic
 17113 | Lair:6   | Reached skill level 1 in Conjurations
 17127 | Lair:5   | Reached skill level 1 in Spellcasting
 17127 | Lair:5   | Reached skill level 1 in Translocations
 17127 | Lair:5   | Reached skill level 1 in Air Magic
 17830 | Lair:6   | Reached XP level 14. HP: 68/92 MP: 23/23
 17844 | Lair:6   | Reached skill level 10 in Dodging
 18056 | Lair:6   | Found a runed door.
 18587 | Lair:6   | HP: 4/92 [tyrant leech (27)]
 19537 | Lair:6   | Reached skill level 13 in Invocations
 21228 | D:12     | Noticed Kirke
 21247 | D:12     | Killed Kirke
 21306 | D:12     | Found Saf Cuda's Antique Armour Emporium.
 21337 | D:12     | Bought a shield for 117 gold pieces
 21529 | D:12     | Learned a level 2 spell: Song of Slaying
 21534 | D:12     | Learned a level 4 spell: Olgreb's Toxic Radiance
 21550 | D:12     | Learned a level 3 spell: Ignite Poison
 21573 | D:12     | Found a staircase to the Orcish Mines.
 21828 | Orc:1    | Entered Level 1 of the Orcish Mines
 21876 | Orc:1    | Found a flagged portal.
 21895 | Bailey   | Entered a bailey
 21957 | Bailey   | Noticed an orc warlord
 22067 | Bailey   | Found a runed gate.
 22068 | Bailey   | Found a runed gate.
 22069 | Bailey   | Found a runed gate.
 22280 | Bailey   | Killed an orc warlord
 22280 | Bailey   | Reached skill level 5 in Poison Magic
 22314 | Bailey   | Got a slimy bronze amulet
 22316 | Bailey   | Identified the amulet "Ruidoc" {Faith rF+ MR+} (You found it in a bailey)
 22729 | Orc:1    | Reached XP level 15. HP: 69/97 MP: 25/25
 23629 | Orc:2    | Entered Level 2 of the Orcish Mines
 24016 | Orc:2    | Found a roughly hewn altar of Beogh.
 24311 | Orc:2    | Found Ezuzafu's Weapon Emporium.
 24334 | Orc:2    | Found Jack's Assorted Antiques.
 24588 | Orc:2    | Noticed Nessos
 24594 | Orc:2    | Reached skill level 14 in Invocations
 24631 | Orc:2    | Killed Nessos
 24706 | Orc:2    | Noticed an orc warlord
 24758 | Orc:2    | Killed an orc warlord
 24772 | Orc:2    | Found a roughly hewn altar of Beogh.
 24798 | Orc:2    | Found Hivioschu's Gadget Shoppe.
 24866 | Orc:2    | Found Teppipadgh's General Store.
 25138 | Orc:2    | Noticed Rupert
 25151 | Orc:2    | Killed Rupert
 25209 | Orc:2    | Found a staircase to the Elven Halls.
 25487 | Orc:2    | Bought the +4 morningstar of Light {freeze, Int+4} for 596 gold pieces
 25577 | Orc:2    | Bought a scroll of enchant armour for 82 gold pieces
 25813 | D:13     | Found a gate to the Vaults.
 26586 | D:14     | Found a runed door.
 26665 | D:14     | Reached skill level 5 in Spellcasting
 27080 | D:14     | Reached skill level 10 in Maces & Flails
 27196 | D:14     | Reached XP level 16. HP: 99/105 MP: 26/26
 27336 | D:14     | Got a glittering pewter ring
 27338 | D:14     | Identified the ring "Bonkej" {rCorr rC- Int+7 Dex+2} (You found it on level 14 of the Dungeon)
 27368 | D:14     | Found a runed door.
 27439 | D:15     | Entered Level 15 of the Dungeon
 27790 | D:15     | Found Kikho's Antique Weapon Shop.
 28470 | D:15     | Found Lalic's Armour Shoppe.
 28547 | D:15     | Got a twitching glass ring
 28549 | D:15     | Identified the ring "Hayniv" {rN+ Str+5} (You found it on level 15 of the Dungeon)
 28581 | D:15     | Reached skill level 15 in Invocations
 28910 | D:15     | Got a pitted bronze ring
 28913 | D:15     | Identified the ring "Toemyqui" {rElec rPois rF+ rN+ Str-3} (You found it on level 15 of the Dungeon)
 29114 | D:15     | Reached skill level 10 in Shields
 29430 | D:15     | Got an ancient platinum ring
 29432 | D:15     | Identified the ring "Keiv Zumn" {rElec rC+} (You found it on level 15 of the Dungeon)
 29789 | D:15     | Reached skill level 10 in Poison Magic
 29806 | D:15     | Found a staircase to the Depths.
 30150 | D:15     | Found Fallakluru's General Store.
 30159 | D:15     | Bought a scroll of identify for 28 gold pieces
 30159 | D:15     | Bought the ring "Irhonai" {MR++ EV+5} for 985 gold pieces
 30624 | Snake:1  | Entered Level 1 of the Snake Pit
 30901 | Snake:1  | Reached XP level 17. HP: 83/112 MP: 19/28
 31340 | Snake:1  | Noticed Aizul
 31420 | Snake:1  | Found Hahal's Jewellery Shop.
 31426 | Snake:1  | Found Zupit's Antique Weapon Boutique.
 31448 | Snake:1  | Killed Aizul
 32089 | Snake:2  | Found Uhaly's Magic Scroll Shop.
 32089 | Snake:2  | Found Xar Ohuh's Assorted Antiques.
 32091 | Snake:2  | Found Unliejer's Weapon Shop.
 32091 | Snake:2  | Found Ziphan Peegi's General Store.
 32093 | Snake:2  | Found Dulib's Antique Weapon Emporium.
 32097 | Snake:2  | Bought a crude copper amulet for 215 gold pieces
 32104 | Snake:2  | Bought a scroll of identify for 36 gold pieces
 32104 | Snake:2  | Identified the amulet of Miracles {Faith +Inv} (You bought it in a shop on level 2 of the Snake Pit)
 32110 | Snake:2  | Found a frozen archway.
 32128 | IceCv    | Entered an ice cave
 34447 | IceCv    | Reached skill level 16 in Invocations
 34447 | IceCv    | Reached XP level 18. HP: 119/119 MP: 28/30
 34448 | IceCv    | Reached skill level 17 in Invocations
 34448 | IceCv    | Reached XP level 19. HP: 124/124 MP: 28/31
 34502 | IceCv    | Noticed an Ice Fiend
 34908 | IceCv    | Killed an Ice Fiend
 35062 | Snake:2  | Found Vecot's Food Emporium.
 35095 | Snake:2  | Found Conale Aroo's General Store.
 35468 | Snake:2  | Bought a scroll of fear for 49 gold pieces
 35468 | Snake:2  | Bought a scroll of fog for 28 gold pieces
 35581 | Snake:2  | Found Nuuxiz's Food Shop.
 36826 | Snake:2  | Bought a scroll of blinking for 112 gold pieces
 36826 | Snake:2  | Bought a scroll of blinking for 112 gold pieces
 36826 | Snake:2  | Bought a scroll of blinking for 112 gold pieces
 36826 | Snake:2  | Bought a scroll of teleportation for 45 gold pieces
 38070 | Snake:4  | Entered Level 4 of the Snake Pit
 38529 | Snake:4  | Reached skill level 10 in Fighting
 38574 | Snake:4  | Noticed Roxanne
 38603 | Snake:4  | Reached skill level 18 in Invocations
 39063 | Snake:4  | Reached XP level 20. HP: 106/132 MP: 33/33
 42022 | Snake:4  | Got a serpentine rune of Zot
 43225 | Snake:4  | Killed Roxanne
 43351 | Swamp:1  | Entered Level 1 of the Swamp
 43469 | Swamp:1  | You fall through a shaft!
 43601 | Swamp:2  | Reached skill level 5 in Air Magic
 44197 | Swamp:3  | Reached XP level 21. HP: 116/139 MP: 34/34
 45036 | Swamp:4  | Entered Level 4 of the Swamp
 45054 | Swamp:3  | Reached skill level 19 in Invocations
 45319 | Swamp:4  | Noticed WhatIsLove's ghost (adept HOFi)
 45811 | Swamp:4  | Killed WhatIsLove's ghost
 46853 | Swamp:4  | Identified a scroll of acquirement
 46877 | Swamp:4  | Got a fine hat
 46888 | Swamp:4  | Identified the +2 hat of True Grit {Regen+} (You acquired it on level 4 of the Swamp)
 47106 | Swamp:4  | Noticed Nikola
 47116 | Swamp:4  | Killed Nikola
 47276 | Swamp:4  | Noticed a bone dragon
 47578 | Swamp:3  | Killed a bone dragon
 47833 | Swamp:4  | Got a decaying rune of Zot
 48177 | Vaults:1 | Entered Level 1 of the Vaults
 50152 | Vaults:2 | Reached XP level 22. HP: 143/145 MP: 35/35
 50205 | Vaults:2 | Found Saliod's Antique Armour Shop.
 50560 | Vaults:2 | Cast into level 4 of the Abyss (the power of Zot)
 50861 | Abyss:4  | Reached skill level 15 in Maces & Flails
 50977 | Vaults:2 | Escaped the Abyss
 51480 | Vaults:2 | Found a staircase to the Crypt.
 51480 | Vaults:2 | Found a basalt altar of Yredelemnul.
 51485 | Vaults:2 | Found an ancient bone altar of Kikubaaqudgha.
 51497 | Crypt:1  | Entered Level 1 of the Crypt
 51577 | Crypt:1  | Reached skill level 20 in Invocations
 52001 | Crypt:1  | Noticed a greater mummy
 52056 | Crypt:1  | Killed a greater mummy
 52269 | Crypt:1  | Noticed a greater mummy
 52272 | Crypt:1  | Noticed Khufu
 53634 | Vaults:3 | Reached XP level 23. HP: 138/155 MP: 37/37
 53918 | Vaults:4 | Noticed Donald
 53957 | Vaults:4 | Killed Donald
 54290 | Vaults:4 | Noticed Mara
 54297 | Vaults:4 | Noticed M4edhros's illusion
 54310 | Vaults:4 | Killed Mara
 54572 | Vaults:4 | Reached skill level 21 in Invocations
 55567 | Vaults:5 | Entered Level 5 of the Vaults
 56184 | Vaults:4 | Reached skill level 15 in Shields
 56307 | Vaults:4 | Reached XP level 24. HP: 93/163 MP: 37/37
 56776 | Vaults:4 | Noticed a caustic shrike
 56776 | Vaults:4 | a shadow dragon changed into a caustic shrike
 56780 | Vaults:4 | a caustic shrike changed into a stone giant
 57796 | Vaults:5 | Reached skill level 10 in Evocations
 58164 | Vaults:4 | Reached skill level 22 in Invocations
 58311 | Vaults:5 | Identified the Guide on Evil Beguiling
 58336 | Vaults:5 | Identified the Reference Book on the Blaze
 58661 | Vaults:5 | Got a silver rune of Zot
 59016 | Vaults:5 | Got a shimmering bronze ring
 59365 | Elf:1    | Entered Level 1 of the Elven Halls
 59584 | Elf:1    | Found Obreobb's Food Shop.
 60048 | Elf:1    | Identified the Reference Book on Evil Arts
 60180 | Elf:2    | Noticed Azrael
 60198 | Elf:2    | Killed Azrael
 60207 | Elf:2    | Reached XP level 25. HP: 141/171 MP: 38/38
 60686 | Elf:2    | Found a runed gate.
 60686 | Elf:2    | Found a runed gate.
 60686 | Elf:2    | Found a runed gate.
 60735 | Elf:2    | Noticed Jorgrun
 60768 | Elf:2    | Killed Jorgrun
 61107 | Elf:2    | Identified the ring "Fugi" {rC+ MR+} (You took it off a tengu reaver on level 5 of the Vaults)
 61183 | Elf:3    | Entered Level 3 of the Elven Halls
 61246 | Elf:3    | Found a portal to a secret trove of treasure.
 61384 | Elf:3    | Noticed dleb1993's ghost (adept MiFi)
 61415 | Elf:3    | Killed dleb1993's ghost
 61651 | Elf:3    | Reached skill level 15 in Dodging
 61813 | Elf:3    | Found the +5 pair of quick blades "Gyre" and "Gimble" {pierce, Dex-3}
 62040 | Elf:3    | Got a crude bone ring
 62085 | Elf:3    | Reached skill level 23 in Invocations
 62218 | Elf:3    | Got a slimy tin ring
 62220 | Elf:3    | Identified the ring of Saherchus {+Inv rPois rF- MR+ Stlth-} (You took it off a deep elf mage on level 3 of the Elven Halls)
 62224 | Elf:3    | Identified the cursed ring "Tig Ikig" {rC- rN+ Int+4 Slay-2} (You took it off a deep elf mage on level 3 of the Elven Halls)
 62690 | Orc:2    | Bought a scroll of identify for 22 gold pieces
 62750 | Orc:2    | Bought a scroll of identify for 44 gold pieces
 62750 | Orc:2    | Bought a potion of heal wounds for 110 gold pieces
 62823 | D:9      | Bought a scroll of enchant armour for 105 gold pieces
 62823 | D:9      | Bought 2 scrolls of blinking for 210 gold pieces
 62823 | D:9      | Bought a scroll of teleportation for 42 gold pieces
 62823 | D:9      | Bought a potion of might for 56 gold pieces
 62823 | D:9      | Bought a scroll of identify for 28 gold pieces
 62923 | Snake:2  | Bought a scroll of identify for 28 gold pieces
 62923 | Snake:2  | Bought 2 scrolls of identify for 56 gold pieces
 62939 | Snake:2  | Bought a scroll of identify for 30 gold pieces
 62939 | Snake:2  | Bought a scroll of identify for 30 gold pieces
 63573 | Snake:2  | Bought a scroll of brand weapon for 860 gold pieces
 63573 | Snake:2  | Bought a potion of might for 172 gold pieces
 64231 | Slime:1  | Entered Level 1 of the Pits of Slime
 64425 | Slime:5  | Entered Level 5 of the Pits of Slime
 64710 | Slime:5  | Reached XP level 26. HP: 142/180 MP: 38/38
 64865 | Slime:5  | Found a viscous altar of Jiyva.
 64866 | Slime:5  | Noticed the Royal Jelly
 64882 | Slime:5  | Paralysed by a floating eye for 2 turns
 64888 | Slime:5  | Paralysed by a floating eye for 4 turns
 64893 | Slime:5  | Noticed temitten's ghost (adept HOFi)
 65843 | Slime:5  | Paralysed by a floating eye for 4 turns
 65863 | Slime:5  | Killed temitten's ghost
 66012 | Slime:5  | Killed the Royal Jelly
 66012 | Slime:5  | Reached skill level 15 in Fighting
 66016 | Slime:5  | Found the +3 crown of Dyrovepreva {rElec Int+2 SInv}
 66273 | Slime:5  | Learned a level 7 spell: Monstrous Menagerie
 66290 | Slime:5  | Got a slimy rune of Zot
 66323 | Slime:5  | Got a bound steel ring
 66325 | Slime:5  | Identified the ring "Umafad" {rElec rPois rF+ Str+3 Dex-2} (You found it on level 5 of the Pits of Slime)
 66343 | Slime:5  | Got an ebony double sword
 66344 | Slime:5  | Identified the +5 double sword of Neog {flame, rPois rN+ Str+4 Dex+4} (You found it on level 5 of the Pits of Slime)
 66364 | Slime:5  | Got a transparent platinum ring
 66366 | Slime:5  | Identified the cursed ring "Soutuebe" {Str+5 Dex-2} (You found it on level 5 of the Pits of Slime)
 66897 | Elf:3    | You paid a toll of 20 scrolls of identify to enter a treasure trove
 66898 | Trove    | Entered a treasure trove
 66903 | Trove    | Got a pitted marble ring
 66905 | Trove    | Got a wavering lead ring
 66909 | Trove    | Got a flickering silver amulet
 66913 | Trove    | Got a bound golden ring
 66915 | Trove    | Got a slimy platinum ring
 66919 | Trove    | Got a crude copper ring
 66923 | Trove    | Got a glittering copper ring
 66925 | Trove    | Got a warped bone ring
 66932 | Trove    | Got a smoking ivory ring
 66940 | Trove    | Identified the ring of Gluttony {rPois rC- MR+++ Int+2 Dex+2} (You found it in a treasure trove)
 66946 | Trove    | Got a steaming copper ring
 66947 | Trove    | Identified the ring of Nuluor {Ice rElec rPois rN++ Int-2} (You found it in a treasure trove)
 66950 | Trove    | Identified the ring "Cappuuta" {Str+3 Int+5} (You found it in a treasure trove)
 66952 | Trove    | Identified the ring of Charity {Fire rPois Str+7 Dex-4 Slay+5} (You found it in a treasure trove)
 66987 | Elf:3    | Identified the ring "Ygehuym" {MR+ Str+9 Dex-5 Stlth+} (You found it in a treasure trove)
 66999 | Elf:3    | Identified the ring of Duafaff {rElec rPois Int+2 Slay+2} (You found it in a treasure trove)
 67001 | Elf:3    | Identified the ring "Udwib" {Ice +Inv rN+++ Str-3 Int+4} (You found it in a treasure trove)
 67008 | Elf:3    | Identified the ring of Saischuja {*Corrode +Blink +Fly Str+4 Int+3} (You found it in a treasure trove)
 67013 | Elf:3    | Identified the ring "Limma" {MR- Str+3 Dex+4 SInv} (You found it in a treasure trove)
 67050 | Elf:3    | Identified the amulet of Neumey {Reflect rF+ SH+6} (You found it in a treasure trove)
 67115 | Elf:3    | Learned a level 6 spell: Deflect Missiles
 67545 | Crypt:1  | Reached skill level 1 in Summonings
 67765 | Crypt:2  | Reached skill level 1 in Throwing
 67979 | Crypt:2  | Found a basalt altar of Yredelemnul.
 68031 | Crypt:2  | Noticed Frederick
 68043 | Crypt:2  | Killed Frederick
 68384 | Crypt:3  | Entered Level 3 of the Crypt
 68384 | Crypt:3  | Noticed Saint Roka
 68602 | Crypt:3  | Killed Saint Roka
 68984 | Crypt:3  | Found a staircase to the Tomb.
 69361 | Crypt:3  | Noticed an ancient lich
 69807 | Crypt:3  | Killed an ancient lich
 69807 | Crypt:3  | Reached skill level 5 in Summonings
 70164 | Depths:1 | Entered Level 1 of the Depths
 70213 | Depths:1 | Reached XP level 27. HP: 115/186 MP: 38/38
 70244 | Depths:1 | Reached skill level 1 in Charms
 70250 | Depths:1 | Reached skill level 24 in Invocations
 70507 | Depths:1 | Found a gateway to Hell.
 70545 | Depths:1 | Noticed a juggernaut
 70552 | Depths:1 | Killed a juggernaut
 71212 | Depths:2 | Got a blackened large shield
 71434 | Depths:2 | Reached skill level 5 in Throwing
 71462 | Depths:2 | Found the +7 sceptre of Torment
 71782 | Depths:2 | Identified the +7 large shield "Plog" {Int+4 Dex+9} (You found it on level 2 of the Depths)
 72227 | Depths:2 | Reached skill level 5 in Charms
 72281 | Depths:2 | Found a stormy altar of Qazlal.
 72491 | Depths:3 | Noticed Xtahua
 72499 | Depths:3 | Killed Xtahua
 72499 | Depths:3 | Reached skill level 15 in Evocations
 72614 | Depths:3 | Found a one-way gate leading to the halls of Pandemonium.
 72654 | Depths:3 | Noticed Faustar's ghost (veteran GrEE)
 72671 | Depths:3 | Killed Faustar's ghost
 72962 | Depths:3 | Noticed levstk's ghost (veteran GrFi)
 72986 | Depths:3 | Killed levstk's ghost
 73365 | Depths:3 | Identified Quawiufi's Handbook of Flames and the Birds
 73859 | Depths:3 | Found a one-way gate to the infinite horrors of the Abyss.
 73989 | Depths:4 | Noticed the Enchantress
 74015 | Depths:4 | Killed the Enchantress
 74051 | Depths:4 | Found Vacucwys's Book Emporium.
 74262 | Depths:4 | Paralysed by a floating eye for 4 turns
 74457 | Depths:4 | Paralysed by a floating eye for 3 turns
 74483 | Depths:4 | Found a gateway to a ziggurat.
 74731 | Depths:4 | Paralysed by a floating eye for 3 turns
 74817 | Depths:4 | Reached skill level 10 in Summonings
 75187 | Depths:4 | Learned a level 9 spell: Tornado
 75342 | Depths:5 | Entered Level 5 of the Depths
 75405 | Depths:5 | Reached skill level 25 in Invocations
 75509 | Depths:5 | Found a gate to the Realm of Zot.
 75611 | Depths:5 | Reached skill level 10 in Air Magic
 76407 | Hell     | Entered the Vestibule of Hell
 76407 | Hell     | Noticed Geryon
 76631 | Hell     | Killed Geryon
 76694 | Hell     | Found a gateway to the decaying netherworld of Tartarus.
 77115 | Hell     | Found a gateway to the freezing wastes of Cocytus.
 77166 | Hell     | Found a gateway to the Iron City of Dis.
 77229 | Hell     | Found a gateway to the ashen valley of Gehenna.
 77246 | Geh:1    | Entered Level 1 of Gehenna
 77314 | Geh:1    | Reached skill level 10 in Charms
 77539 | Geh:2    | HP: 7/183 [reaper/scythe of protection[the effects of Hell] (27)]
 77882 | Geh:3    | Upgraded the game from 0.22-a0-480-g991dd4b2b4 to 0.22-a0-512-g0943f25562
 77969 | Geh:4    | You fall through a shaft!
 78023 | Geh:5    | Reached skill level 10 in Spellcasting
 78416 | Geh:7    | Entered Level 7 of Gehenna
 78419 | Geh:7    | Got a pitted bone ring
 78420 | Geh:7    | Identified the ring of Orchuz {rF+ MP+9} (You acquired it on level 7 of Gehenna)
 78737 | Geh:7    | Noticed the Serpent of Hell
 78753 | Geh:7    | Killed the Serpent of Hell
 78822 | Geh:7    | Identified the Collected Works on Supportive Lightness
 78831 | Geh:7    | Learned a level 4 spell: Summon Lightning Spire
 79001 | Geh:7    | Noticed Asmodeus
 79252 | Geh:7    | Killed Asmodeus
 79260 | Geh:7    | Got an obsidian rune of Zot
 79373 | Dis:1    | Entered Level 1 of the Iron City of Dis
 80385 | Dis:3    | You fall through a shaft!
 80611 | Dis:7    | Entered Level 7 of the Iron City of Dis
 81070 | Dis:7    | Reached skill level 26 in Invocations
 81733 | Dis:7    | Noticed Dispater
 81957 | Dis:7    | Killed Dispater
 81959 | Dis:7    | Got a shimmering glass ring
 82025 | Dis:7    | Identified the Almanac of Poisonous Earth
 82032 | Dis:7    | Got an iron rune of Zot
 82076 | Hell     | Identified the ring "Kadwoe" {rC+ rN+} (You took it off Dispater on level 7 of the Iron City of Dis)
 82117 | Coc:1    | Entered Level 1 of Cocytus
 83137 | Coc:7    | Entered Level 7 of Cocytus
 85718 | Coc:7    | Noticed Antaeus
 86169 | Coc:7    | Killed Antaeus
 86169 | Coc:7    | Reached skill level 15 in Summonings
 86358 | Coc:7    | Got an icy rune of Zot
 86892 | Tar:1    | Entered Level 1 of Tartarus
 87072 | Tar:1    | You fall through a shaft!
 87123 | Tar:2    | Reached skill level 15 in Air Magic
 87444 | Tar:4    | Reached skill level 27 in Invocations
 87678 | Tar:7    | Entered Level 7 of Tartarus
 87769 | Tar:7    | Found the +7 Singing Sword
 87826 | Tar:7    | Noticed an ancient lich
 87828 | Tar:7    | Noticed an ancient lich
 87840 | Tar:7    | Killed an ancient lich
 87846 | Tar:7    | Killed an ancient lich
 87851 | Tar:7    | Got a shimmering platinum ring
 87852 | Tar:7    | Identified the ring of Joudu {rCorr *Slow Str+2 Int+2 Slay+3} (You found it on level 7 of Tartarus)
 89217 | Tar:7    | Noticed Ereshkigal
 89246 | Tar:7    | Killed Ereshkigal
 89285 | Tar:7    | Found the ring of Robustness {AC+8}
 89579 | Tar:7    | Got a bone rune of Zot
 89590 | Tar:7    | Reached skill level 15 in Spellcasting
 89979 | Zot:1    | Entered Level 1 of the Realm of Zot
 91956 | Zot:3    | Found a huge runed gate.
 91957 | Zot:3    | Found a huge runed gate.
 91957 | Zot:3    | Found a huge runed gate.
 91957 | Zot:3    | Found a huge runed gate.
 91957 | Zot:3    | Found a huge runed gate.
 91957 | Zot:3    | Found a huge runed gate.
 91957 | Zot:3    | Found a huge runed gate.
 91958 | Zot:3    | Found a huge runed gate.
 91958 | Zot:3    | Found a huge runed gate.
 91959 | Zot:3    | Found a huge runed gate.
 91960 | Zot:3    | Found a huge runed gate.
 92071 | Zot:3    | Found a huge runed gate.
 92071 | Zot:3    | Found a huge runed gate.
 92078 | Zot:3    | Found a huge runed gate.
 92078 | Zot:3    | Found a huge runed gate.
 92078 | Zot:3    | Found a huge runed gate.
 92078 | Zot:3    | Found a huge runed gate.
 92079 | Zot:3    | Found a huge runed gate.
 92080 | Zot:3    | Found a huge runed gate.
 92103 | Zot:3    | Found a huge runed gate.
 92103 | Zot:3    | Found a huge runed gate.
 92103 | Zot:3    | Found a huge runed gate.
 92103 | Zot:3    | Found a huge runed gate.
 92103 | Zot:3    | Found a huge runed gate.
 92104 | Zot:3    | Found a huge runed gate.
 92105 | Zot:3    | Found a huge runed gate.
 92113 | Zot:3    | Found a huge runed gate.
 92113 | Zot:3    | Found a huge runed gate.
 92113 | Zot:3    | Found a huge runed gate.
 92113 | Zot:3    | Found a huge runed gate.
 92113 | Zot:3    | Found a huge runed gate.
 92122 | Zot:3    | Noticed an ancient lich
 92122 | Zot:3    | Noticed an orb of fire
 92122 | Zot:3    | Noticed an ancient lich
 92122 | Zot:3    | Noticed an orb of fire
 92122 | Zot:3    | Noticed an orb of fire
 92129 | Zot:3    | Killed an orb of fire
 92132 | Zot:3    | Killed an ancient lich
 92269 | Zot:3    | Killed an orb of fire
 92610 | Zot:3    | Killed an orb of fire
 93377 | Zot:4    | Learned a level 5 spell: Summon Forest
 93383 | Zot:4    | Learned a level 5 spell: Aura of Abjuration
 93748 | Depths:4 | Voluntarily entered the Abyss.
 93898 | Abyss:1  | Paralysed by accursed screaming for 2 turns
 93964 | Abyss:1  | Found a corrupted altar of Lugonu.
 94015 | Abyss:2  | Found a burning altar of Makhleb.
 94274 | Abyss:2  | Paralysed by accursed screaming for 1 turns
 94530 | Abyss:5  | Entered Level 5 of the Abyss
 94586 | Abyss:5  | Got an abyssal rune of Zot
 94624 | Depths:4 | Escaped the Abyss
 94809 | Pan      | Entered Pandemonium
 95311 | Pan      | Noticed Uriegod the pandemonium lord
 95547 | Pan      | Entered the realm of Gloorx Vloq.
 95786 | Pan      | Noticed Gloorx Vloq
 96139 | Pan      | Killed Gloorx Vloq
 96166 | Pan      | Got a dark rune of Zot
 96604 | Pan      | Noticed Riq Goih the pandemonium lord
 96869 | Pan      | Noticed Zymmi the pandemonium lord
 96875 | Pan      | Killed Zymmi the pandemonium lord
 96921 | Pan      | Got a demonic rune of Zot
 97167 | Pan      | Entered the realm of Cerebov.
 97388 | Pan      | Identified the Disquisition on Creative Conjuration
 97795 | Pan      | Got a scintillating amber ring
 97805 | Pan      | Identified the ring of the First Beggars {rC+ rN++ Dex+2 Stlth+} (You found it in Pandemonium)
 97856 | Pan      | Noticed Cerebov
 97888 | Pan      | Killed Cerebov
 97914 | Pan      | Got a fiery rune of Zot
 98090 | Pan      | Entered the realm of Mnoleg.
 98272 | Pan      | Noticed Mnoleg
 98295 | Pan      | Paralysed by a floating eye for 3 turns
 98298 | Pan      | HP: 10/207 [red very ugly thing (11)]
 98405 | Pan      | Killed Mnoleg
 98557 | Pan      | Paralysed by a floating eye for 3 turns
 98793 | Pan      | Found an exit through the horrors of the Abyss.
 99168 | Pan      | Got a glowing rune of Zot
 99365 | Pan      | Entered the realm of Lom Lobon.
 99693 | Pan      | Noticed Lom Lobon
 99697 | Pan      | Learned a level 1 spell: Apportation
 99698 | Pan      | Got a magical rune of Zot
 99917 | Pan      | Found an exit through the horrors of the Abyss.
100546 | Pan      | Found an exit through the horrors of the Abyss.
100597 | Pan      | Took an exit into the Abyss.
100597 | Abyss:1  | Escaped into the Abyss
100811 | Depths:3 | Escaped the Abyss
101540 | Crypt:1  | Killed Khufu
101547 | Crypt:1  | Killed a greater mummy
101845 | Tomb:1   | Entered Level 1 of the Tomb of the Ancients
102192 | Tomb:1   | Noticed a greater mummy
102195 | Tomb:1   | Noticed a greater mummy
102198 | Tomb:1   | Noticed a greater mummy
102205 | Tomb:1   | Killed a greater mummy
102431 | Tomb:1   | Killed a greater mummy
102478 | Tomb:1   | Killed a greater mummy
102898 | Tomb:2   | Noticed an ancient lich
102906 | Tomb:2   | Noticed an ancient lich
102913 | Tomb:2   | Killed an ancient lich
102918 | Tomb:2   | Noticed a greater mummy
102930 | Tomb:2   | Killed an ancient lich
102949 | Tomb:2   | Noticed an ancient lich
102954 | Tomb:2   | Killed an ancient lich
102961 | Tomb:2   | Killed a greater mummy
103425 | Tomb:1   | Noticed a greater mummy
103426 | Tomb:1   | Noticed a greater mummy
103437 | Tomb:1   | Noticed a greater mummy
103440 | Tomb:1   | Killed a greater mummy
103450 | Tomb:1   | Killed a greater mummy
103454 | Tomb:1   | Killed a greater mummy
103730 | Tomb:1   | Noticed a greater mummy
103740 | Tomb:1   | Killed a greater mummy
103794 | Tomb:1   | Noticed a greater mummy
103803 | Tomb:1   | Killed a greater mummy
103827 | Tomb:1   | Noticed a greater mummy
103834 | Tomb:1   | Killed a greater mummy
103839 | Tomb:1   | Noticed a greater mummy
103841 | Tomb:1   | Noticed a greater mummy
103844 | Tomb:1   | Killed a greater mummy
103849 | Tomb:1   | Killed a greater mummy
103851 | Tomb:1   | Noticed a greater mummy
103859 | Tomb:1   | Killed a greater mummy
104444 | Tomb:3   | Entered Level 3 of the Tomb of the Ancients
104463 | Tomb:3   | Noticed an ancient lich
104469 | Tomb:3   | Noticed a greater mummy
104472 | Tomb:3   | Noticed a greater mummy
104483 | Tomb:3   | Killed a greater mummy
104487 | Tomb:3   | Killed an ancient lich
104500 | Tomb:3   | Killed a greater mummy
104512 | Tomb:3   | Noticed a greater mummy
104525 | Tomb:3   | Killed a greater mummy
104658 | Tomb:3   | Noticed a greater mummy
104673 | Tomb:3   | Killed a greater mummy
104703 | Tomb:3   | Noticed a greater mummy
104760 | Tomb:3   | Paralysed by the power of Zot for 3 turns
104763 | Tomb:3   | HP: 7/209 [death scarab (10)]
104763 | Tomb:3   | Demolished by a death scarab

Vault maps used:
D:1:      lightli_arrival_isolated_outpost, minmay_pentomino_t2
D:2:      serial_glass, glass_columns_c, glass_columns_c
D:3:      minmay_misc_feat_roman, grunt_dithmenos_smoke_and_mirrors, uniq_ijyb
D:5:      temple_fountains, first_ration
D:6:      makhleb_heckhound_becter
D:7:      lemuel_coloured_pillars_altar, basic_altar, serial_shops,
          kennysheep_mini
D:8:      nicolae_ru_great_annihilating_truth, kennysheep_mini_moat, basic_altar
D:9:      overflow_temple_1_default, lemuel_doored_altar, lair_entry_dummy,
          serial_shops, shop
D:10:     basic_altar, uniq_snorg
D:11:     serial_curves, eino_curves_04, eino_curves_03,
          hangedman_little_slice_of_home, nicolae_qazlal_general_emergency
D:12:     minmay_ambush_box, orc_0_dummy, serial_shops,
          nicolae_shop_temple_entry_statues_fountains, uniq_kirke
D:13:     erik_vaults_1
D:14:     cheibrodos_histonic, kennysheep_boxes, kennysheep_nondescript
D:15:     hangedman_spin_cycle
Temple:   compressed_dpeg_circular_temple
Lair:2:   minmay_snake_entry_guardpost_medium, nicolae_volcano_entry_batcave,
          serial_bayou_shore_a
Lair:3:   minmay_swamp_entry_worms, beast_lair_carwin_5,
          minmay_lair_oklob_chamber
Lair:4:   basic_altar, grunt_megastairs_4, uniq_sonja
Lair:5:   lab_entry_generic, st_stairs_12, serial_bayou_crossing
Lair:6:   wormcave, hangedman_lair_caniforms_friends, slime_altar_1
Swamp:1:  evilmike_swamp_ruin_house_2, infiniplex_staircase_pool
Swamp:2:  hangedman_swamp_ruin_wall
Swamp:3:  evilmike_swamp_ruin_house_5
Swamp:4:  swamp_pestilence, uniq_nikola
Snake:1:  minmay_shoptagon, uniq_aizul
Snake:2:  portal_ice_cave_entry_dragon, serial_shops,
          nicolae_shop_window_shopping, nicolae_shop_waterfront,
          nicolae_shop_window_shopping, nicolae_shop_trees,
          minmay_shop_grid_forest
Snake:4:  grunt_snake_rune_spirals, uniq_roxanne
Slime:2:  basic_altar
Slime:3:  cheibrodos_slime_lost_civilization_7
Slime:4:  nicolae_slime_round_cave
Orc:1:    lightli_bailey_entry_fortress
Orc:2:    pubby_orc_utopia, serial_shops, uniq_rupert, uniq_nessos
Elf:1:    minmay_elf_arrival_plus, serial_shops, nicolae_shop_crystal,
          minmay_elf_necromancy
Elf:2:    uniq_azrael, uniq_jorgrun
Elf:3:    nooodl_elf_gasket, enter_trove_6
Vaults:1: st_cross, hangedman_vaults_cutoff, hangedman_vaults_restitches,
          grunt_vaults_hallway_short, vaults_mumra_chevron,
          grunt_vaults_hallway_long, nicolae_vaults_alarming
Vaults:2: hangedman_vaults_stitches, vaults_mumra_chevron_long,
          minmay_crypt_entry_necro_gods, ontoclasm_vaults_echo, v_misc_18,
          v_misc_23, nicolae_vaults_big_angled_halls, dpeg_vaults_monster_row,
          nicolae_vaults_triangles, ontoclasm_vaults_loading_screen,
          vaults_dpeg_diagonal, serial_shops, nicolae_shop_window_shopping
Vaults:3: v_pattern_4, ontoclasm_vaults_ring_square, v_misc_4,
          nicolae_vaults_sealed_display, ontoclasm_vaults_ring_small,
          ontoclasm_vaults_ring_small, nicolae_vaults_mini_display_case,
          v_misc_30, grunt_vaults_diagonal, nicolae_vaults_little_squares_2,
          ontoclasm_vaults_eye
Vaults:4: hangedman_vaults_corner_blocks, vaults_room_large_hall,
          grunt_vaults_bifocal, nicolae_vaults_murderbox, vaults_dpeg_spiral,
          vaults_room_door_ring, v_pattern_2, vaults_mumra_hexcomb,
          grunt_vaults_twisty, v_misc_3, nicolae_vaults_specimen_jars,
          nicolae_vaults_little_squares_1, vaults_standard_mumra_x,
          nicolae_vaults_shelves_hall, uniq_donald, uniq_mara
Vaults:5: serial_shops
Crypt:1:  serial_glass, glass_columns_a, glass_columns_a, glass_columns_a,
          glass_columns_a, glass_columns_a, glass_columns_b,
          nicolae_crypt_niches, grunt_crypt_arrival_split, uniq_khufu
Crypt:2:  basic_altar, uniq_frederick
Crypt:3:  david_glass_crypt, nicolae_tomb_entry_grand_gallery,
          nrook_guardian_serpent_ordinary, uniq_saint_roka
Depths:1: pf_hell_entry_tar_river, minmay_curled_crystal, reverse_door_vault,
          kennysheep_cross_landing, firewood_loft
Depths:2: regret_index_qazlal_generations, serial_co_window_serial,
          co_window_cross_1, co_window_corner_a, co_window_paths_a,
          co_window_corner_a, co_window_paths_b, co_window_cross_1,
          co_window_unsneaky_path_e, glass_columns_c, glass_columns_a,
          glass_columns_b, hell_entry, infiniplex_staircase_pillars_1
Depths:3: hangedman_box_tower, abyss_entry_crystal, rand_demon_pan_entry_4,
          hell_entry, uniq_xtahua
Depths:4: minmay_the_grid_3x3, enter_ziggurat_c, serial_shops,
          kennysheep_little_box, abyss_entry, serial_glass, glass_columns_c,
          glass_columns_a, glass_columns_c, glass_columns_b, glass_columns_c,
          glass_columns_b, glass_columns_b, glass_columns_b,
          infiniplex_staircase_door_maze, hell_entry, minmay_misc_feat_pillars,
          uniq_enchantress
Depths:5: grunt_crosshair, grunt_hell_entry_dis_mu, st_stairs_9
Dis:4:    grunt_megastairs_3
Dis:7:    dis_hangedman
Geh:1:    gehenna_fire_generator
Geh:5:    gehenna_fire_generator
Geh:6:    nicolae_geh_fiery_graves
Geh:7:    geh_grunt
Coc:3:    special_room
Coc:7:    coc_grunt_cove
Tar:1:    lemuel_nasty_fountain
Tar:5:    nicolae_tar_cuneiform_bread
Tar:7:    tar_grunt_cathedral
Zot:3:    lemuel_baited_zot_trap, door_vault
Zot:4:    lemuel_draconian_sentries_small, grunt_megastairs_2
Abyss:2:  hangedman_eye_storm
Abyss:3:  hangedman_abyss_rune_macabre_mess
Abyss:4:  hangedman_abyss_shoalhut, evilmike_abyss_rune_elephants_shrine,
          kilobyte_mutagenic_chamber, evilmike_abyss_exit_8,
          dshaligram_kb_abyss_rune_zappy_water_cross, bh_silent_lugonu_exit
Abyss:5:  evilmike_abyss_exit_7, minivault_25_ag,
          dshaligram_kb_abyss_rune_zappy_water_cross, minivault_11
Pan:      nicolae_pan_glass_arcs, pan_blood_fountain, nicolae_pan_door_chamber,
          pan_blood_fountain, evilmike_gloorx_vloq_box, pan_blood_fountain_2,
          nicolae_pan_mnolegish_2, evilmike_mini_pan_diamond,
          pan_blood_fountain_small, evilmike_mini_pan_possible_glass,
          rand_demon_2, pan_blood_fountain_2, grunt_pan_pentagram,
          pan_blood_fountain, pan_blood_fountain_small,
          nicolae_pan_sigil_uleosi, evilmike_mini_pan_doors, rand_demon_3,
          evilmike_mini_pan_corner, nicolae_pan_lom_lobonic_4, cerebov_st,
          mnoleg_grunt_wretched_star, nicolae_pan_gloorx_vloqian_3, lom_lobon,
          pan_blood_fountain_small, lemuel_hall_of_pain,
          nicolae_pan_cerebovesque_3, evilmike_mini_pan_other_thingy,
          pan_blood_fountain
Lab:      labyrinth_watery, nicolae_lab_swirl, nicolae_lab_quarters, lab_hedge,
          labyrinth_lava_lair, labyrinth_fake_exit
Trove:    trove_jewel_2
Bailey:   bailey_axe_bossmonster_kennysheep, bailey
IceCv:    ice_cave_caverns_02

Skill      XL: |  1  2  3  4  5  6  7  8  9 10 11 12 13 14 15 16 17 18 19 20 21 22 23 24 25 26 27 |
---------------+----------------------------------------------------------------------------------+-----
Stealth        | 2 3 4 5 6 8 9 10 | 10.8
Fighting       | 2 3 4 5 6 7 8 9 10 11 12 13 14 15 23 | 23.6
Evocations     | 4 5 6 7 8 9 10 12 14 19 | 19.4
Dodging        | 3 4 5 6 7 9 11 12 13 14 15 20 | 20.8
Invocations    | 1 3 4 5 7 8 9 10 12 13 14 15 16 17 18 19 20 21 22 23 27 | 27.0
Maces & Flails | 2 3 6 7 8 9 10 11 12 13 14 15 16 20 | 20.0
Shields        | 3 5 6 7 9 10 12 13 15 16 17 21 | 21.0
Poison Magic   | 2 5 8 10 11 12 13 | 13.5
Conjurations   | 1 3 |  3.8
Spellcasting   | 1 3 5 6 7 8 9 19 | 19.3
Translocations | 1 3 |  3.7
Air Magic      | 1 3 5 6 7 20 | 20.8
Summonings     | 5 20 | 20.9
Throwing       | 3 9 |  9.0
Charms         | 10 | 10.1
Short Blades   | |  1.0

Action                   |  1- 3 |  4- 6 |  7- 9 | 10-12 | 13-15 | 16-18 | 19-21 | 22-24 | 25-27 || total
-------------------------+-------+-------+-------+-------+-------+-------+-------+-------+-------++-------
Melee: Short sword       |    49 |    64 |       |       |       |       |       |       |       ||   113
       Tentacles         |    10 |    24 |    31 |   177 |   593 |   236 |   779 |   876 |  3003 ||  5729
       Constrict         |     9 |    33 |    32 |    74 |   225 |    58 |   148 |   233 |  1026 ||  1838
       Spear             |       |    79 |    12 |       |       |       |       |       |       ||    91
       Whip              |       |       |   150 |   598 |  1649 |       |       |       |       ||  2397
       Morningstar       |       |       |       |       |   164 |   632 |  1937 |  1973 |   522 ||  5228
       Eveningstar       |       |       |       |       |       |       |       |       |  6548 ||  6548
 Cast: Mephitic Cloud    |       |       |       |       |     9 |    12 |    14 |     1 |       ||    36
       Ignite Poison     |       |       |       |       |       |     2 |     4 |       |     1 ||     7
       Olgreb's Toxic Ra |       |       |       |       |       |       |       |     6 |     1 ||     7
       Aura of Abjuratio |       |       |       |       |       |       |       |       |    23 ||    23
       Summon Lightning  |       |       |       |       |       |       |       |       |    21 ||    21
       Monstrous Menager |       |       |       |       |       |       |       |       |    18 ||    18
       Summon Forest     |       |       |       |       |       |       |       |       |     6 ||     6
       Deflect Missiles  |       |       |       |       |       |       |       |       |     5 ||     5
       Conjure Flame     |       |       |       |       |       |       |       |       |     3 ||     3
       Apportation       |       |       |       |       |       |       |       |       |     1 ||     1
       Song of Slaying   |       |       |       |       |       |       |       |       |     1 ||     1
Invok: Donate Gold       |       |     1 |       |       |       |       |       |       |       ||     1
       Recite            |       |     1 |    19 |    16 |    39 |    30 |    65 |    73 |   145 ||   388
       Vitalisation      |       |       |       |    18 |    30 |    12 |    40 |    52 |   159 ||   311
       Imprison          |       |       |       |     1 |       |       |       |       |    23 ||    24
       Sanctuary         |       |       |       |       |       |       |       |     2 |    17 ||    19
Evoke: Wand              |     3 |     4 |    28 |    32 |    41 |    50 |    34 |    22 |    29 ||   243
       Phial of floods   |       |       |       |       |     1 |     1 |       |       |     7 ||     9
       Lamp of fire      |       |       |       |       |       |       |       |       |     4 ||     4
       Fan of gales      |       |       |       |       |       |       |       |       |     2 ||     2
  Use: Scroll            |       |    10 |     6 |     6 |    16 |     8 |    16 |     3 |    42 ||   107
       Potion            |       |       |       |     3 |     1 |    15 |     3 |     1 |    40 ||    63
 Stab: Sleeping          |     2 |    15 |    16 |    12 |    39 |    22 |    26 |    25 |   128 ||   285
       Confused          |     1 |       |       |     2 |    38 |    22 |    82 |    91 |    64 ||   300
       Invisible         |       |       |       |     2 |    20 |     3 |       |     4 |     1 ||    30
       Paralysed         |       |       |       |     1 |    96 |    13 |    22 |    32 |    13 ||   177
       Distracted        |       |       |       |     3 |     6 |     2 |    10 |    11 |    71 ||   103
       Petrified         |       |       |       |       |     2 |     1 |       |       |       ||     3
       Petrifying        |       |       |       |       |       |     1 |       |       |     1 ||     2
  Eat: Chunk             |       |     8 |     5 |    24 |    29 |     7 |    13 |     3 |    15 ||   104
       Ration            |       |       |     1 |       |     6 |     5 |    12 |    10 |    41 ||    75
Armor: Skin              |     5 |    24 |    37 |    93 |   196 |    61 |   153 |   121 |   216 ||   906
Dodge: Dodged            |    37 |    78 |    77 |   315 |   963 |   361 |  1295 |  1286 |  3298 ||  7710
       Deflected         |       |       |       |       |       |       |       |       |    26 ||    26
Block: Buckler           |       |       |       |   107 |   213 |       |       |       |       ||   320
       Shield            |       |       |       |       |   336 |   500 |  1673 |  1478 |  1219 ||  5206
       Large shield      |       |       |       |       |       |       |    45 |       |  7852 ||  7897
       Reflection        |       |       |       |       |       |       |       |    52 |   247 ||   299

Table legend:
 A = Spawn XP
 B = Non-spawn XP
 C = Spawn XP percentage of total XP
 D = Spawn monster count
 E = Non-spawn monster count
 F = Spawn count percentage of total count
 G = Total turns spent on level
                    A         B        C        D         E        F      G
               +---------+---------+-------+---------+---------+-------+---------
         Total |  116701 | 3307062 |   3.4 |     175 |    4515 |   3.7 | 104763
               +---------+---------+-------+---------+---------+-------+---------
           D:1 |       0 |      47 |   0.0 |       0 |      24 |   0.0 |   846
           D:2 |       0 |     121 |   0.0 |       0 |      29 |   0.0 |   863
           D:3 |       0 |      92 |   0.0 |       0 |      10 |   0.0 |   817
           D:4 |       0 |     175 |   0.0 |       0 |       9 |   0.0 |  1071
           D:5 |       0 |     345 |   0.0 |       0 |      13 |   0.0 |   806
           D:6 |       0 |     530 |   0.0 |       0 |       6 |   0.0 |   714
           D:7 |       0 |     913 |   0.0 |       0 |      18 |   0.0 |   610
           D:8 |       0 |    3085 |   0.0 |       0 |      33 |   0.0 |   937
           D:9 |       0 |    2197 |   0.0 |       0 |      33 |   0.0 |   859
          D:10 |       0 |    1559 |   0.0 |       0 |      12 |   0.0 |   989
          D:11 |       0 |    5715 |   0.0 |       0 |      43 |   0.0 |  2312
          D:12 |       0 |    7823 |   0.0 |       0 |      26 |   0.0 |  1085
          D:13 |       0 |    3536 |   0.0 |       0 |      16 |   0.0 |  1056
          D:14 |       0 |   17554 |   0.0 |       0 |      53 |   0.0 |  1388
          D:15 |       0 |   41970 |   0.0 |       0 |      88 |   0.0 |  2773
        Lair:1 |       0 |    4774 |   0.0 |       0 |      21 |   0.0 |  1685
        Lair:2 |       0 |    6177 |   0.0 |       0 |      27 |   0.0 |  1535
        Lair:3 |       0 |    9948 |   0.0 |       0 |      36 |   0.0 |  1853
        Lair:4 |       0 |    7101 |   0.0 |       0 |      24 |   0.0 |  1346
        Lair:5 |       0 |    6668 |   0.0 |       0 |      26 |   0.0 |  1548
        Lair:6 |       0 |   26350 |   0.0 |       0 |     104 |   0.0 |  3306
       Swamp:1 |       0 |   12124 |   0.0 |       0 |      36 |   0.0 |   610
       Swamp:2 |       0 |    8706 |   0.0 |       0 |      20 |   0.0 |   604
       Swamp:3 |       0 |   22767 |   0.0 |       0 |      40 |   0.0 |  1875
       Swamp:4 |       0 |   31122 |   0.0 |       0 |      81 |   0.0 |  2014
       Snake:1 |       0 |   16477 |   0.0 |       0 |      32 |   0.0 |  2107
       Snake:2 |       0 |   25850 |   0.0 |       0 |      52 |   0.0 |  1224
       Snake:3 |       0 |   12712 |   0.0 |       0 |      27 |   0.0 |  2094
       Snake:4 |       0 |   90659 |   0.0 |       0 |     153 |   0.0 |  4214
       Slime:1 |       0 |    1301 |   0.0 |       0 |       5 |   0.0 |    55
       Slime:2 |       0 |    7950 |   0.0 |       0 |      11 |   0.0 |   144
       Slime:3 |       0 |     568 |   0.0 |       0 |       1 |   0.0 |   187
       Slime:4 |       0 |   11466 |   0.0 |       0 |      19 |   0.0 |   921
       Slime:5 |       0 |   44262 |   0.0 |       0 |      27 |   0.0 |   920
         Orc:1 |       0 |    5963 |   0.0 |       0 |      60 |   0.0 |  1393
         Orc:2 |       0 |   23909 |   0.0 |       0 |     141 |   0.0 |  2313
         Elf:1 |       0 |   28941 |   0.0 |       0 |      51 |   0.0 |   856
         Elf:2 |       0 |   50311 |   0.0 |       0 |      71 |   0.0 |  1025
         Elf:3 |       0 |   69650 |   0.0 |       0 |      61 |   0.0 |  1666
      Vaults:1 |       0 |   39971 |   0.0 |       0 |      79 |   0.0 |  2079
      Vaults:2 |       0 |   43034 |   0.0 |       0 |      75 |   0.0 |  1623
      Vaults:3 |       0 |   35945 |   0.0 |       0 |      68 |   0.0 |  1348
      Vaults:4 |       0 |  132915 |   0.0 |       0 |     161 |   0.0 |  3386
      Vaults:5 |       0 |   84950 |   0.0 |       0 |      87 |   0.0 |  1989
       Crypt:1 |       0 |   50487 |   0.0 |       0 |      39 |   0.0 |  1262
       Crypt:2 |       0 |   33553 |   0.0 |       0 |      44 |   0.0 |  1257
       Crypt:3 |       0 |   54099 |   0.0 |       0 |      57 |   0.0 |  1228
        Tomb:1 |       0 |  118431 |   0.0 |       0 |      80 |   0.0 |  1538
        Tomb:2 |       0 |   62394 |   0.0 |       0 |      92 |   0.0 |  1061
        Tomb:3 |       0 |   57124 |   0.0 |       0 |      65 |   0.0 |   319
      Depths:1 |       0 |   57560 |   0.0 |       0 |      60 |   0.0 |   799
      Depths:2 |       0 |   85633 |   0.0 |       0 |      89 |   0.0 |  1757
      Depths:3 |       0 |  131337 |   0.0 |       0 |     103 |   0.0 |  1723
      Depths:4 |       0 |  102866 |   0.0 |       0 |      81 |   0.0 |  1760
      Depths:5 |       0 |   71862 |   0.0 |       0 |      66 |   0.0 |  1392
          Hell |       0 |   62036 |   0.0 |       0 |      76 |   0.0 |  1429
         Dis:1 |       0 |    7916 |   0.0 |       0 |      23 |   0.0 |   128
         Dis:2 |       0 |   31265 |   0.0 |       0 |      54 |   0.0 |   615
         Dis:3 |       0 |    5503 |   0.0 |       0 |      17 |   0.0 |   269
         Dis:4 |       0 |   21861 |   0.0 |       0 |      38 |   0.0 |   189
         Dis:5 |       0 |     503 |   0.0 |       0 |       2 |   0.0 |    10
         Dis:6 |       0 |    1403 |   0.0 |       0 |       4 |   0.0 |    27
         Dis:7 |       0 |  131575 |   0.0 |       0 |      91 |   0.0 |  1463
         Geh:1 |       0 |   19563 |   0.0 |       0 |      43 |   0.0 |   289
         Geh:2 |       0 |   13339 |   0.0 |       0 |      34 |   0.0 |   107
         Geh:3 |       0 |    6672 |   0.0 |       0 |      14 |   0.0 |   106
         Geh:4 |       0 |     220 |   0.0 |       0 |       1 |   0.0 |    13
         Geh:5 |       0 |   28382 |   0.0 |       0 |      61 |   0.0 |   192
         Geh:6 |       0 |   27922 |   0.0 |       0 |      48 |   0.0 |   255
         Geh:7 |       0 |   79807 |   0.0 |       0 |      65 |   0.0 |   911
         Coc:1 |       0 |   26809 |   0.0 |       0 |      49 |   0.0 |   535
         Coc:2 |       0 |    7238 |   0.0 |       0 |      20 |   0.0 |   158
         Coc:3 |       0 |   24217 |   0.0 |       0 |      45 |   0.0 |   263
         Coc:4 |       0 |   10798 |   0.0 |       0 |      22 |   0.0 |   173
         Coc:5 |       0 |   29033 |   0.0 |       0 |      38 |   0.0 |   362
         Coc:6 |       0 |   32960 |   0.0 |       0 |      36 |   0.0 |   266
         Coc:7 |       0 |  161777 |   0.0 |       0 |     160 |   0.0 |  2310
         Tar:1 |       0 |   13420 |   0.0 |       0 |      13 |   0.0 |   180
         Tar:2 |       0 |    6312 |   0.0 |       0 |      12 |   0.0 |   158
         Tar:3 |       0 |   17995 |   0.0 |       0 |      29 |   0.0 |   161
         Tar:4 |       0 |   28344 |   0.0 |       0 |      28 |   0.0 |   109
         Tar:6 |       0 |    7898 |   0.0 |       0 |      13 |   0.0 |   137
         Tar:7 |       0 |  161259 |   0.0 |       0 |     119 |   0.0 |  2060
         Zot:1 |       0 |   18886 |   0.0 |       0 |      11 |   0.0 |  1036
         Zot:2 |       0 |   77980 |   0.0 |       0 |      45 |   0.0 |   547
         Zot:3 |       0 |   87181 |   0.0 |       0 |      30 |   0.0 |  1263
         Zot:4 |       0 |   50061 |   0.0 |       0 |      26 |   0.0 |   782
       Abyss:1 |   29573 |    3393 |  89.7 |      35 |       9 |  79.5 |   340
       Abyss:2 |   13705 |    9963 |  57.9 |      32 |      23 |  58.2 |   423
       Abyss:3 |    7308 |    3757 |  66.0 |      12 |       4 |  75.0 |   159
       Abyss:4 |   17351 |    9242 |  65.2 |      29 |      11 |  72.5 |   491
       Abyss:5 |    1449 |    5272 |  21.6 |       4 |      15 |  21.1 |    94
           Pan |   47315 |  289126 |  14.1 |      63 |     321 |  16.4 |  5788
           Lab |       0 |    1285 |   0.0 |       0 |       1 |   0.0 |   309
        Bailey |       0 |    1968 |   0.0 |       0 |      27 |   0.0 |   458
         IceCv |       0 |    9342 |   0.0 |       0 |      52 |   0.0 |  2863
               +---------+---------+-------+---------+---------+-------+---------
